AoeStats
← Onestepbeyond

Black Forest

507978373Analyzed
3v3 RM · 11d ago on Sep 20, 2026· 18m 20s· 6 players
Game mode
Random Map
Map size
Normal (6 player)
Population
200
Speed
Normal
Resources
Standard
Victory
Conquest
Starting age
Dark Age
Ending age
Imperial Age
RankedLock teamsTeams togetherTeam positionsShared explorationLock speedFull tech treeHidden civsTurbo modeCheats
Victory
Defeat
🇫🇷 Celts · France
1001
+14
🇷🇺 Romans · Russia
875
+19
🇰🇿 Khmer · Kazakhstan
868
+19
🇫🇷 Japanese · France
991
-20
🇮🇳 Burgundians · India
941
-17
🇹🇷 Teutons · Türkiye
883
-26
dsavas
1:56 Loom
13:42 Feudal Age
14:18 Double-Bit Axe
14:16 Horse Collar
Onestepbeyond
1:06 Loom
TheGogoi
0:37 Loom
Alcaz
0:27 Loom
18:45 Feudal Age
leonidze
0:30 Loom
15:33 Feudal Age
15:35 Man-at-Arms
оливье
0:29 Loom
12:24 Feudal Age
Connection lost

Rejoining the realm…

Still unreachable

The connection could not be restored.

Session expired

The server has moved on; the page needs a fresh start.